 Dungeon Crawl Stone Soup version 0.17-a0-1632-g0af21bd (webtiles) character file.

2631 karlkraus the Blocker (level 9, -3/67 HPs)
             Began as a Minotaur Fighter on Aug 3, 2015.
             Was an Initiate of Ru.
             Killed from afar by a necromancer (28 damage)
             ... with a bolt of fire
             ... on level 9 of the Dungeon.
             The game lasted 00:20:06 (5594 turns).

karlkraus the Blocker (Minotaur Fighter)            Turns: 5594, Time: 00:20:06

Health: -3/67      AC: 12    Str: 27    XL:     9   Next: 35%
Magic:  8/8        EV: 17    Int:  5    God:    Ru [......]
Gold:   495        SH: 13    Dex: 10    Spells: 0 memorised, 8 levels left

rFire  . . .     SeeInvis .     a - +1 flail
rCold  . . .     Clarity  .     D - +3 ring mail {rN+}
rNeg   + + .     SustAt   .     c - +1 shield
rPois  .         Gourm    .     (helmet restricted)
rElec  .         Spirit   .     (no cloak)
rCorr  .         Warding  +     I - +0 pair of gloves
rMut   .         Stasis   .     h - +0 pair of boots
MR     .....                    F - amulet of warding
Stlth  +.........               p - +3 ring of evasion
                                j - +3 ring of strength

@: not resistant to hostile enchantments, very unstealthy
A: retaliatory headbutt, horns 2, repulsion field 1, frail 1, regeneration 1
a: Renounce Religion


You were on level 9 of the Dungeon.
You worshipped Ru.
Ru was noncommittal.
You were hungry.

You visited 2 branches of the dungeon, and saw 10 of its levels.

You collected 495 gold pieces.

Inventory:

Hand weapons
 a - a +1 flail (weapon)
Armour
 c - a +1 shield (worn)
 h - a +0 pair of boots (worn)
 D - a +3 ring mail of positive energy (worn)
 I - a +0 pair of gloves (worn)
 J - a +0 plate armour
Jewellery
 j - a +3 ring of strength (left hand)
 o - an uncursed amulet of the gourmand
 p - a +3 ring of evasion (right hand)
 F - an amulet of warding (around neck)
Magical devices
 t - a wand of confusion (27)
 u - a wand of heal wounds (1)
 v - a wand of enslavement (6)
 x - a wand of flame (14)
 M - a wand of magic darts (25)
Scrolls
 b - 5 scrolls of identify
 d - a scroll of fog {unknown}
 f - a scroll of enchant weapon
 m - 2 scrolls of remove curse
 w - 4 scrolls of teleportation
 y - 2 scrolls of immolation {unknown}
 B - a scroll of noise
 E - a scroll of blinking
 N - a scroll of summoning {unknown}
 O - a scroll of random uselessness {unknown}
 P - a scroll of torment {unknown}
Potions
 i - 2 potions of magic
 k - 3 potions of heal wounds
 r - a potion of curing
 s - 2 potions of resistance
 G - a potion of invisibility
 H - 3 potions of poison {unknown}
 K - a potion of brilliance {unknown}
Books
 n - a book of Clouds

   Spells                             Type                      Level
   a - Mephitic Cloud                 Conjuration/Poison/Air       3
   b - Conjure Flame                  Conjuration/Fire             3
   c - Poisonous Cloud                Conjuration/Poison/Air       6
   d - Freezing Cloud                 Conjuration/Ice/Air          6
   e - Ring of Flames                 Charms/Fire                  7
 q - a book of Power

   Spells                             Type                      Level
   a - Fulminant Prism                Conjuration/Hexes            4
   b - Iskenderun's Mystic Blast      Conjuration                  4
   c - Venom Bolt                     Conjuration/Poison           5
   d - Bolt of Magma                  Conjuration/Fire/Earth       5
   e - Iron Shot                      Conjuration/Earth            6
   f - Orb of Destruction             Conjuration                  7
   g - Spellforged Servitor           Conjuration/Summoning        7
 A - a book of Burglary

   Spells                             Type                      Level
   a - Swiftness                      Charms/Air                   2
   b - Passwall                       Transmutation/Earth          3
   c - Passage of Golubria            Translocation                4
   d - Lee's Rapid Deconstruction     Earth                        5
   e - Darkness                       Hexes                        6
   f - Invisibility                   Hexes                        6
Comestibles
 e - 10 bread rations
 g - 4 meat rations
 l - 2 slices of pizza
 z - 2 beef jerkies
 C - a royal jelly
 L - 6 chunks of flesh


   Skills:
 + Level 6.2 Fighting
 + Level 7.0 Maces & Flails
 + Level 7.5 Armour
 + Level 6.2 Dodging
 + Level 1.1 Stealth
 + Level 9.0 Shields


You had 8 spell levels left.
You didn't know any spells.

Dungeon Overview and Level Annotations

Branches:
Dungeon (9/15)             Temple (1/1) D:7
   Lair: D:8-11         Orc: D:9-12

Altars:
Dithmenos
Elyvilon
Fedhas
Gozag
Okawaru
Qazlal
Ru
Vehumet
Yredelemnul
The Shining One

Shops:
D:9 *


Innate Abilities, Weirdness & Mutations

You reflexively headbutt those who attack you in melee.
You have a pair of horns on your head.
You are surrounded by a mild repulsion field (EV +2).
You are frail (-10% HP).
Your natural rate of healing is unusually fast.


Message History

The bolt of fire hits the wyvern skeleton.
The wyvern skeleton is destroyed!
The bolt of fire misses you.
You sock the wight!
The wight is severely damaged.
You hit something. You miss something. You headbutt something.
You hear some strange, mumbled words.
A bolt of fire appears from out of thin air!
The bolt of fire hits you!
You miss something. Your headbutt misses something. Something hits you.
You barely miss something. Something hits you but does no damage.
Something hits you but does no damage.
You barely miss something. Something hits you but does no damage.
A shadow comes into view.
You bludgeon something!! You headbutt something.
You hear some strange, mumbled words.
A bolt of fire appears from out of thin air!
The bolt of fire hits you!
You die...

.#.∩.#####.......#
........#..8.....#
##..#..........<÷.#
#..>........8..†).#
#.#<.....##.......#
#....#...#....8..##
#..........#....## #
#.#......ZZ####.#...
#.#..##.#.ZZz{@.......
#.........ZW#########.
..#........#
#...)#..## #....#.{#Z#
+....#zZ# .## #
#....#Z.###Z#$#.###
#....#....ZZZ......
####.#...Z..z.Z....


You could see a shadow, a wight, a quokka zombie, 2 adder skeletons, a hound
skeleton and a giant frog skeleton.

Vanquished Creatures
  2 flying skulls (D:9)
  Sigmund (D:3)
  A spriggan (D:7)
  Duvessa (D:4)
  3 centaurs
  An orc warrior (D:8)
  A necrophage (D:5)
  3 ogres
  A giant frog (D:9)
  Dowan (D:4)
  A scorpion (D:5)
  2 crimson imps
  3 orc priests
  3 hounds
  2 jellies
  6 orc wizards
  7 worker ants
  Terence (D:3)
  2 iguanas
  A killer bee zombie (D:5)
  A hound zombie (D:7)
  A hound skeleton (D:5)
  3 gnolls (D:3)
  A shadow imp (D:5)
  10 adders
  An ooze (D:1)
  2 adder skeletons
  A worm (D:1)
  4 giant geckos
  19 orcs
  3 ball pythons
  5 giant cockroaches
  7 goblins
  12 hobgoblins
  12 jackals
  10 kobolds
  11 bats
  A giant gecko zombie (D:5)
  5 giant newts
  3 quokkas
  2 quokka skeletons (D:5)
  5 rats
  A spectral orc (D:6)
163 creatures vanquished.

Vanquished Creatures (others)
  A wyvern skeleton (D:9)
1 creature vanquished.

Grand Total: 164 creatures vanquished

Notes
Turn   | Place    | Note
--------------------------------------------------------------
     0 | D:1      | karlkraus the Minotaur Fighter began the quest for the Orb.
     0 | D:1      | Reached XP level 1. HP: 19/19 MP: 0/0
   127 | D:1      | Reached XP level 2. HP: 27/27 MP: 1/1
   168 | D:1      | Reached skill level 4 in Armour
   314 | D:1      | Reached XP level 3. HP: 30/33 MP: 2/2
   619 | D:2      | Reached skill level 1 in Dodging
   620 | D:2      | Reached XP level 4. HP: 19/40 MP: 3/3
   800 | D:2      | Found a shadowy altar of Dithmenos.
  1208 | D:3      | Found a faded altar to an unknown god.
  1251 | D:3      | Noticed Terence
  1256 | D:3      | Killed Terence
  1256 | D:3      | Reached skill level 5 in Shields
  1348 | D:3      | Reached XP level 5. HP: 47/47 MP: 4/4
  1411 | D:3      | Found a glowing golden altar of the Shining One.
  1672 | D:3      | Noticed Sigmund
  1682 | D:3      | Killed Sigmund
  1682 | D:3      | Reached skill level 5 in Armour
  1682 | D:3      | Reached XP level 6. HP: 50/53 MP: 5/5
  2074 | D:4      | Noticed Duvessa
  2080 | D:4      | Killed Duvessa
  2087 | D:4      | Noticed Dowan
  2088 | D:4      | Reached XP level 7. HP: 44/60 MP: 6/6
  2096 | D:4      | Killed Dowan
  2096 | D:4      | Reached skill level 6 in Shields
  2375 | D:4      | Reached skill level 5 in Maces & Flails
  2723 | D:5      | Entered Level 5 of the Dungeon
  2770 | D:5      | Reached skill level 5 in Fighting
  3030 | D:5      | Reached skill level 7 in Shields
  3030 | D:5      | Reached XP level 8. HP: 66/69 MP: 7/7
  3336 | D:5      | Gained mutation: Your natural rate of healing is unusually fast. [potion of mutation]
  3336 | D:5      | Gained mutation: You are surrounded by a mild repulsion field (EV +2). [potion of mutation]
  3336 | D:5      | Gained mutation: You are frail (-10% HP). [potion of mutation]
  3715 | D:6      | Found a basalt altar of Yredelemnul.
  4358 | D:7      | Found a staircase to the Ecumenical Temple.
  4377 | D:7      | Reached skill level 1 in Stealth
  4384 | Temple   | Entered the Ecumenical Temple
  4408 | Temple   | Became a worshipper of Ru the Awakened
  4807 | D:8      | Reached skill level 8 in Shields
  5047 | D:8      | Reached skill level 5 in Dodging
  5047 | D:8      | Reached XP level 9. HP: 67/67 MP: 8/8
  5459 | D:8      | Found a white marble altar of Elyvilon.
  5542 | D:9      | Found Heviul's Assorted Antiques.
  5565 | D:9      | Noticed a necromancer
  5586 | D:9      | Reached skill level 9 in Shields
  5594 | D:9      | Killed from afar by a necromancer

Vault maps used:
D:1:      dpeg_arrival_brainrot, serial_bayou_ford_a, minmay_crystal_water
D:2:      grunt_dithmenos_smoke
D:3:      lemuel_coloured_pillars_altar, first_bread, ecumenical_altar_1,
          kennysheep_potato, uniq_sigmund, uniq_terence
D:4:      uniq_duvessa
D:6:      yredelemnul_forgotten_temple_becter
D:7:      minmay_temple_entry_purple_smoke, the_bakery, interstate_on_off
D:8:      overflow_temple_1_default
D:9:      hangedman_screamer, due_lair_maze_entry_diamond, serial_shops,
          nicolae_shop_stone, grunt_ministairs_9
Temple:   nicolae_temple_elliptical

Action                   |  1- 3 |  4- 6 |  7- 9 || total
-------------------------+-------+-------+-------++-------
Melee: Flail             |   107 |   119 |   259 ||   485
  Use: Potion            |       |     2 |     2 ||     4
       Scroll            |       |       |    12 ||    12
  Eat: Chunk             |       |     4 |    11 ||    15
